 Dungeon Crawl Stone Soup version 0.30-a0-879-ga8ba668304 (webtiles) character file.

Game seed: 5352978687607889527

34794 Maxmaps the Skirmisher (level 13, -13/103 HPs)
             Began as a Gnoll Hunter on Mar 12, 2023.
             Was the Champion of Cheibriados.
             Mangled by a death yak (19 damage)
             ... on level 2 of the Lair of Beasts.
             The game lasted 00:21:18 (15611 turns).

Maxmaps the Skirmisher (Gnoll Hunter)              Turns: 15611, Time: 00:21:19

Health: -13/103    AC: 13    Str: 33    XL:     13   Next: 79%
Magic:  0/8        EV: 22    Int: 29    God:    Cheibriados [******]
Gold:   1613       SH:  0    Dex: 34    Spells: 29/29 levels left

rFire   + . .      SeeInvis +    d - +5 triple crossbow of Famyn {antimagic, rPois Dex+3}
rCold   + . .      Faith    .    (shield currently unavailable)
rNeg    . . .      Spirit   +    C - +2 scale mail {rC+}
rPois   +          Reflect  .    B - +0 helmet
rElec   .          Rampage  .    (no cloak)
rCorr   .                        f - +0 pair of gloves
Will    .....                    (no boots)
Stlth   +++                      y - amulet of guardian spirit
HPRegen 0.37/turn                G - ring of the Country {rF+ Str+8 SInv Stlth-}
MPRegen 0.11/turn                o - ring of poison resistance

@: very slow
A: fangs 1, strong nose, distributed training
a: Renounce Religion, Bend Time, Temporal Distortion, Slouch, Step From Time


You were on level 2 of the Lair of Beasts.
You worshipped Cheibriados.
Cheibriados was exalted by your worship.
You visited 4 branches of the dungeon, and saw 15 of its levels.
You also visited: Bailey, Ice Cave and Volcano.

You collected 1904 gold pieces.
You spent 291 gold pieces at shops.

Inventory:

Hand Weapons
 c - a +1 longbow of flaming
 d - the +5 triple crossbow of Famyn (weapon) {antimagic, rPois Dex+3}
   (You acquired it on level 5 of the Dungeon)

   Dex:       It affects your dexterity (+3).
   rPois:     It protects you from poison.
 q - a +2 whip of electrocution
Armour
 f - a +0 pair of gloves (worn)
 B - a +0 helmet (worn)
 C - a +2 scale mail of cold resistance (worn)
 K - a +0 robe of resistance
Jewellery
 k - a ring of resist corrosion
 n - a ring of ice
 o - a ring of poison resistance (right hand)
 p - a ring of flight
 t - an amulet of faith
 y - an amulet of guardian spirit (around neck)
 D - a ring of positive energy
 G - the ring of the Country (left hand) {rF+ Str+8 SInv Stlth-}
   (You found it in a bailey)

   [ring of protection from fire]

   Str:       It affects your strength (+8).
   rF:        It protects you from fire.
   SInv:      It lets you see invisible.
   Stlth:     It makes you less stealthy.
 J - a ring of ice
 Q - a ring of willpower
Wands
 w - a wand of acid (7)
 z - a wand of charming (6)
 I - a wand of flame (14)
 L - a wand of digging (7)
Scrolls
 a - 2 scrolls of brand weapon
 b - 4 scrolls of immolation
 h - 3 scrolls of identify
 r - 4 scrolls of amnesia
 E - 2 scrolls of fog
 F - 4 scrolls of enchant armour
 N - a scroll of blinking
 P - a scroll of acquirement
 R - a scroll of teleportation
Potions
 e - 5 potions of attraction
 g - 7 potions of curing
 i - a potion of haste {unknown}
 j - 2 potions of brilliance
 l - 2 potions of ambrosia
 m - 3 potions of lignification
 s - a potion of mutation
 u - 2 potions of cancellation
 v - a potion of flight
 x - a potion of resistance {unknown}
 A - a potion of degeneration
 H - 2 potions of might
 O - a potion of invisibility


   Skills:
 + Level 10.1 Fighting
 + Level 8.9 Short Blades
 + Level 8.9 Long Blades
 + Level 8.9 Axes
 + Level 8.9 Maces & Flails
 + Level 8.9 Polearms
 + Level 8.9 Staves
 + Level 12.2 Ranged Weapons
 + Level 8.9 Throwing
 + Level 8.9 Armour
 + Level 10.1 Dodging
 + Level 9.3 Stealth
 + Level 8.9 Shields
 + Level 8.9 Unarmed Combat
 + Level 8.9 Spellcasting
 + Level 7.4 Conjurations
 + Level 7.4 Hexes
 + Level 7.4 Summonings
 + Level 7.4 Necromancy
 + Level 7.4 Translocations
 + Level 7.4 Transmutations
 + Level 7.4 Fire Magic
 + Level 7.4 Ice Magic
 + Level 7.4 Air Magic
 + Level 7.4 Earth Magic
 + Level 7.4 Poison Magic
 + Level 9.7 Invocations
 + Level 8.9 Evocations


You had 29 spell levels left.
You didn't know any spells.
Your spell library contained the following spells:

 Spells                   Type           Power      Damage    Failure   Level
 Sting                    Tmut/Pois      100%       1d8       1%          1
 Blink                    Tloc           100%       N/A       1%          2
 Poisonous Vapours        Pois/Air       100%       N/A       1%          2
 Stone Arrow              Conj/Erth      100%       3d13      1%          3
 Summon Guardian Golem    Hex/Summ       54%        N/A       1%          3
 Vhi's Electric Charge    Tloc/Air       100%       N/A       1%          3
 Animate Armour           Summ/Erth      100%       N/A       3%          4
 Leda's Liquefaction      Hex/Erth       27%        N/A       3%          4
 Manifold Assault         Tloc           54%        N/A       3%          4
 Olgreb's Toxic Radiance  Pois           54%        N/A       3%          4
 Arcjolt                  Conj/Air       27%        1d37      10%         5
 Lee's Rapid Deconstruct  Erth           27%        3d14*     10%         5
 Summon Forest            Summ/Tloc      27%        N/A       10%         5
 Summon Mana Viper        Hex/Summ       54%        N/A       10%         5
 Statue Form              Tmut/Erth      36%        N/A       45%         6
 Summon Cactus Giant      Summ           27%        N/A       45%         6
 Orb of Destruction       Conj           27%        9d9       96%         7
 Spellforged Servitor     Conj/Summ      27%        N/A       96%         7
 Storm Form               Tmut/Air       27%        N/A       96%         7
 Lehudib's Crystal Spear  Conj/Erth      27%        10d7      100%        8
 Maxwell's Capacitive Co  Air            27%        ∞         100%        8


Dungeon Overview and Level Annotations

Branches:
Dungeon (11/15)            Temple (1/1) D:5            Lair (2/5) D:10
 Shoals (0/4) Lair:2          Orc (1/2) D:11         Bailey (visited)
  IceCv (visited)         Volcano (visited)
  Snake: Lair:2-3    Spider: Lair:2-3

Altars:
Ashenzari
Cheibriados
Dithmenos
Elyvilon
Fedhas
Gozag
Hepliaklqana
Kikubaaqudgha
Makhleb
Nemelex Xobeh
Okawaru
Qazlal
Ru
Sif Muna
Trog
Uskayaw
Vehumet
Wu Jian
Xom
Yredelemnul
Zin
The Shining One

Shops:
D:6 *   D:7 (   D:8 =   D:11 ([


Innate Abilities, Weirdness & Mutations

You have very sharp teeth.
Your uncanny sense of smell can sniff out nearby items.
Your experience applies equally to all skills.


Message History

The death yak barely misses you.
Fire: d) +5 triple crossbow of Famyn {antimagic, rPois Dex+3}
Press: ? - help, Q - select action, (/) - cycle Shift-Dir - straight line, f - death yak
Aim: a death yak (87% to hit)
You shoot a bolt. The bolt barely misses the death yak.
The death yak gores you! The death yak barely misses you.
Fire: d) +5 triple crossbow of Famyn {antimagic, rPois Dex+3}
Press: ? - help, Q - select action, (/) - cycle Shift-Dir - straight line, f/p - death yak
Aim: a death yak (87% to hit)
You shoot a bolt. The bolt hits the death yak!
The death yak is lightly wounded.
The death yak gores you!!
* * * LOW HITPOINT WARNING * * *
Fire: d) +5 triple crossbow of Famyn {antimagic, rPois Dex+3}
Press: ? - help, Q - select action, (/) - cycle Shift-Dir - straight line, f/p - death yak
Aim: a death yak (lightly wounded, 87% to hit)
You shoot a bolt. The bolt hits the death yak!
The death yak is moderately wounded.
The death yak completely misses you. The death yak closely misses you.
Fire: d) +5 triple crossbow of Famyn {antimagic, rPois Dex+3}
Press: ? - help, Q - select action, (/) - cycle Shift-Dir - straight line, f/p - death yak
Aim: a death yak (moderately wounded, 87% to hit)
You shoot a bolt. The bolt hits the death yak!!!
The death yak is almost dead.
The death yak gores you but does no damage.
The death yak gores you!!
* * * LOW HITPOINT WARNING * * *
Fire: d) +5 triple crossbow of Famyn {antimagic, rPois Dex+3}
Press: ? - help, Q - select action, (/) - cycle Shift-Dir - straight line, f/p - death yak
Aim: a death yak (almost dead, 87% to hit)
You shoot a bolt. The bolt hits the death yak!!
You kill the death yak!
Cheibriados appreciates the change of pace.
The death yak gores you but does no damage.
Unknown command.
Okay, then.
The air fills with toxic fumes!
As you read the scroll of poison, it crumbles to dust.
The death yak gores you!!
You die...

#...P###..#...######.†.##..
#...§§§........#####†.##...
*#....§§....................
#......§§...................
#...§...§...................
##.PPP+P#§P##...............
*#..###§§#§###....##+###.#...
#.#.*#§§§§§§##....##.####....
###.##§§§§§§@#.....#....#....
*,,+§§§§§§§#Y§§§§§#....^#...
*,∆##§§§§§§#§§§§§§#.....#...
*P..§§§§####§§§§§#§.....#...
*#.##P§.,####§§§§§#....#....
**,.§§..∆....§§§§##....##...
*P.>§...,....§§§§#..PP###...
*.....Y.,....§§§§§#..##.#...
*#......,...................


You could see a death yak.

Vanquished Creatures
  Fannar (Orc:1)
  An ogre mage (Orc:1)
  A boulder beetle (Lair:2)
  4 two-headed ogres
  A hell hog (Volcano)
  3 death yaks (Lair:2)
  A fire crab (Volcano)
  A skyshark (Lair:1)
  2 bog bodies (IceCv)
  A deep elf zephyrmancer (Bailey)
  Pikel (D:5)
  An oklob plant (D:7)
  2 orc knights
  A cyclops (D:11)
  3 black mambas
  An ice statue (IceCv)
  4 rime drakes
  4 komodo dragons
  A cane toad (Lair:2)
  A freezing wraith (IceCv)
  Maggie (D:8)
  3 polar bears (D:11)
  2 trolls
  2 hornets
  18 blink frogs
  A snapping turtle (Lair:2)
  A dire elephant simulacrum (IceCv)
  A vampire (D:9)
  A wyvern (D:10)
  A wraith (D:9)
  A basilisk (Lair:2)
  10 fire bats (Volcano)
  22 yaks
  2 steam dragons
  2 vampire mosquitoes (D:11)
  2 harpy simulacra (IceCv)
  4 wargs (Orc:1)
  5 water moccasins
  A hydra simulacrum (IceCv)
  3 hell hounds (Volcano)
  13 orc warriors
  2 ice beasts
  3 black bears
  A sky beast (D:7)
  3 wolves
  7 ogres
  2 lemures (D:5)
  5 centaurs
  9 bullfrogs
  A kobold brigand (D:10)
  4 scorpions
  8 two-headed ogre simulacra (IceCv)
  2 cane toad simulacra (IceCv)
  12 wights
  3 elephant simulacra (IceCv)
  A killer bee (D:10)
  2 electric eels
  5 howler monkeys
  4 lava snakes (Volcano)
  7 jellies
  3 gnoll boudas
  10 orc priests
  2 hounds
  A sleepcap (D:5)
  5 iguanas
  Natasha (D:4)
  15 orc wizards
  5 troll simulacra (IceCv)
  6 spriggan simulacra (IceCv)
  3 wolf simulacra (IceCv)
  8 gnolls
  7 naga simulacra (IceCv)
  6 adders
  A shadow imp (D:6)
  9 white imps
  8 ufetubi
  A worm (D:4)
  A dart slug (D:5)
  52 orcs
  6 bats
  20 endoplasms
  6 giant cockroaches
  5 hobgoblins
  A quokka (D:4)
  7 ball pythons
  A frilled lizard (D:1)
  14 goblins
  13 kobolds
  2 rats
431 creatures vanquished.

Vanquished Creatures (others)
  14 fungi
  10 plants
24 creatures vanquished.

Grand Total: 455 creatures vanquished

Notes
Turn   | Place    | Note
-------+----------+-------------------------------------------
     0 | D:1      | Maxmaps the Gnoll Hunter began the quest for the Orb.
     0 | D:1      | Reached XP level 1. HP: 20/20 MP: 1/1
   137 | D:1      | Reached XP level 2. HP: 26/26 MP: 2/2
   696 | D:2      | Reached XP level 3. HP: 21/31 MP: 2/4
   754 | D:2      | Reached skill level 1 in Invocations
   844 | D:2      | Reached skill level 1 in Short Blades
   844 | D:2      | Reached skill level 1 in Long Blades
   844 | D:2      | Reached skill level 1 in Axes
   844 | D:2      | Reached skill level 1 in Maces & Flails
   844 | D:2      | Reached skill level 1 in Polearms
   844 | D:2      | Reached skill level 1 in Staves
   844 | D:2      | Reached skill level 1 in Throwing
   844 | D:2      | Reached skill level 1 in Armour
   844 | D:2      | Reached skill level 1 in Shields
   844 | D:2      | Reached skill level 1 in Unarmed Combat
   844 | D:2      | Reached skill level 1 in Spellcasting
   844 | D:2      | Reached skill level 1 in Evocations
   860 | D:2      | Found an ornate altar of the Wu Jian Council.
  1064 | D:2      | Reached XP level 4. HP: 38/38 MP: 5/5
  1306 | D:3      | Reached skill level 1 in Conjurations
  1306 | D:3      | Reached skill level 1 in Hexes
  1306 | D:3      | Reached skill level 1 in Summonings
  1306 | D:3      | Reached skill level 1 in Necromancy
  1306 | D:3      | Reached skill level 1 in Translocations
  1306 | D:3      | Reached skill level 1 in Transmutations
  1306 | D:3      | Reached skill level 1 in Fire Magic
  1306 | D:3      | Reached skill level 1 in Ice Magic
  1306 | D:3      | Reached skill level 1 in Air Magic
  1306 | D:3      | Reached skill level 1 in Earth Magic
  1306 | D:3      | Reached skill level 1 in Poison Magic
  1448 | D:3      | Found a faded altar of an unknown god.
  1781 | D:3      | Reached XP level 5. HP: 43/43 MP: 7/7
  2179 | D:4      | Found a radiant altar of Vehumet.
  2180 | D:4      | Found a shadowy altar of Dithmenos.
  2680 | D:4      | Noticed Natasha
  2688 | D:4      | Killed Natasha
  3047 | D:5      | Entered Level 5 of the Dungeon
  3063 | D:5      | Reached XP level 6. HP: 31/50 MP: 8/8
  3197 | D:5      | Noticed a black bear
  3206 | D:5      | Killed a black bear
  3207 | D:5      | Reached skill level 5 in Fighting
  3207 | D:5      | Reached skill level 5 in Dodging
  3228 | D:5      | Identified a scroll of acquirement
  3228 | D:5      | Acquired the +5 triple crossbow of Famyn {antimagic, rPois
                  | Dex+3}
  3259 | D:5      | Reached XP level 7. HP: 48/56 MP: 3/10
  3343 | D:5      | Reached skill level 9 in Ranged Weapons
  3480 | D:5      | Noticed Pikel
  3485 | D:5      | Killed Pikel
  3486 | D:5      | Reached XP level 8. HP: 64/64 MP: 3/13
  3747 | D:5      | Reached XP level 9. HP: 64/69 MP: 4/14
  3777 | D:5      | Found a staircase to the Ecumenical Temple.
  3880 | Temple   | Entered the Ecumenical Temple
  3922 | Temple   | Became a worshipper of Cheibriados the Contemplative
  4594 | D:6      | Found Reudada's Assorted Antiques.
  4604 | D:6      | Bought a scroll of identify for 42 gold pieces
  4604 | D:6      | Bought a scroll of identify for 42 gold pieces
  4604 | D:6      | Bought a cyan potion for 18 gold pieces
  4604 | D:6      | Bought a blackened cabochon ring for 105 gold pieces
  4604 | D:6      | Bought a fluorescent wand for 84 gold pieces
  4704 | D:6      | Noticed a cyclops
  5065 | D:7      | Reached skill level 5 in Stealth
  5170 | D:7      | Noticed a troll
  5173 | D:7      | Killed a troll
  5173 | D:7      | Reached * piety under Cheibriados
  5310 | D:7      | Reached skill level 5 in Invocations
  5349 | D:7      | Noticed a hornet
  5352 | D:7      | Killed a hornet
  5590 | D:7      | Noticed an oklob plant
  5679 | D:7      | Killed an oklob plant
  5680 | D:7      | Reached skill level 5 in Short Blades
  5680 | D:7      | Reached skill level 5 in Long Blades
  5680 | D:7      | Reached skill level 5 in Axes
  5680 | D:7      | Reached skill level 5 in Maces & Flails
  5680 | D:7      | Reached skill level 5 in Polearms
  5680 | D:7      | Reached skill level 5 in Staves
  5680 | D:7      | Reached skill level 5 in Throwing
  5680 | D:7      | Reached skill level 5 in Armour
  5680 | D:7      | Reached skill level 5 in Shields
  5680 | D:7      | Reached skill level 5 in Unarmed Combat
  5680 | D:7      | Reached skill level 5 in Spellcasting
  5680 | D:7      | Reached skill level 5 in Evocations
  5680 | D:7      | Reached XP level 10. HP: 61/77 MP: 5/17
  5767 | D:7      | Reached skill level 10 in Ranged Weapons
  5772 | D:7      | Reached ** piety under Cheibriados
  5837 | D:7      | Found Kiecvy's Weapon Shoppe.
  6173 | D:8      | Found Angus's Jewellery Shop.
  6982 | D:8      | Noticed Maggie
  6985 | D:8      | Killed Maggie
  7498 | D:8      | Reached *** piety under Cheibriados
  7702 | D:9      | Reached skill level 5 in Conjurations
  7702 | D:9      | Reached skill level 5 in Hexes
  7702 | D:9      | Reached skill level 5 in Summonings
  7702 | D:9      | Reached skill level 5 in Necromancy
  7702 | D:9      | Reached skill level 5 in Translocations
  7702 | D:9      | Reached skill level 5 in Transmutations
  7702 | D:9      | Reached skill level 5 in Fire Magic
  7702 | D:9      | Reached skill level 5 in Ice Magic
  7702 | D:9      | Reached skill level 5 in Air Magic
  7702 | D:9      | Reached skill level 5 in Earth Magic
  7702 | D:9      | Reached skill level 5 in Poison Magic
  7710 | D:9      | Identified the +1 dagger of Disgust {spect, rN+ Dex+3}
  7744 | D:9      | Found a flagged portal.
  7756 | Bailey   | Entered a bailey
  7782 | Bailey   | Reached XP level 11. HP: 85/85 MP: 6/20
  7809 | Bailey   | Noticed an orc knight
  7814 | Bailey   | Killed an orc knight
  7920 | Bailey   | Found a large runed translucent door.
  7920 | Bailey   | Found a large runed translucent door.
  7921 | Bailey   | Noticed a deep elf zephyrmancer
  8016 | Bailey   | Killed a deep elf zephyrmancer
  8028 | Bailey   | Identified the ring of the Country {rF+ Str+8 SInv Stlth-}
  8038 | Bailey   | Identified the +3 leather armour "Myopp" {Rampage Will+
                  | Int+2 Stlth+}
  8472 | D:10     | Entered Level 10 of the Dungeon
  8559 | D:10     | Reached **** piety under Cheibriados
  8592 | D:10     | Found a staircase to the Lair.
  9500 | D:11     | Found Paqonuf's Weapon Boutique.
  9500 | D:11     | Found a staircase to the Orcish Mines.
  9501 | D:11     | Found Foxkiuth's Armour Boutique.
  9560 | D:11     | Found a frozen archway.
  9567 | D:11     | Reached ***** piety under Cheibriados
  9588 | IceCv    | Entered an ice cave
  9670 | IceCv    | Reached skill level 11 in Ranged Weapons
 10417 | IceCv    | Reached XP level 12. HP: 94/94 MP: 7/22
 11332 | D:11     | Noticed a two-headed ogre
 11337 | D:11     | Killed a two-headed ogre
 11958 | Orc:1    | Entered Level 1 of the Orcish Mines
 12390 | Orc:1    | Reached ****** piety under Cheibriados
 12718 | Orc:1    | Noticed Fannar
 12726 | Orc:1    | Killed Fannar
 12743 | Orc:1    | Noticed a two-headed ogre
 12745 | Orc:1    | Killed a two-headed ogre
 12745 | Orc:1    | Noticed an ogre mage
 12746 | Orc:1    | Noticed a two-headed ogre
 12748 | Orc:1    | Noticed a two-headed ogre
 12749 | Orc:1    | Killed an ogre mage
 12751 | Orc:1    | Killed a two-headed ogre
 12755 | Orc:1    | Killed a two-headed ogre
 13235 | Lair:1   | Entered Level 1 of the Lair of Beasts
 13380 | Lair:1   | Reached XP level 13. HP: 91/101 MP: 7/25
 14192 | Lair:2   | Found a dark tunnel.
 14227 | Volcano  | Entered a volcano
 14387 | Volcano  | Reached skill level 12 in Ranged Weapons
 14600 | Volcano  | Found a radiant altar of Vehumet.
 14641 | Volcano  | Found a bloodstained altar of Trog.
 15182 | Lair:2   | Reached skill level 10 in Fighting
 15182 | Lair:2   | Reached skill level 10 in Dodging
 15326 | Lair:2   | Found a staircase to the Shoals.
 15609 | Lair:2   | HP: 5/103 [death yak (22)]
 15611 | Lair:2   | Mangled by a death yak

Illustrated notes

Levels and vault maps discovered:
D:1:      dpeg_arrival_chambers_temple_mockup, layout_rooms, minmay_misc_feat_x
D:2:      layout_basic, basic_altar
D:3:      layout_loops_ring, hellmonk_ecumenical_altar_blasted
D:4:      cheibrodos_helix_gallery, layout_cave_pods,
          nicolae_overflow_hidden_temple, kennysheep_path_1, uniq_natasha
D:5:      minmay_spotlight, layout_basic, minmay_temple_entry_offerings,
          moated_statue, st_stairs_2, grunt_ministairs_10,
          small_statue_intersection, uniq_pikel
D:6:      layout_basic, serial_shops, nicolae_lakefront_shop,
          serial_bayou_ford_a, lightli_corner_chamber
D:7:      lemuel_slime, layout_loops_cross, serial_shops, shop,
          minmay_a_box_with_orc_wizards_in_it
D:8:      layout_layer_cave, serial_shops, shop, uniq_maggie
D:9:      layout_cave_pools, enter_bailey_2
D:10:     layout_basic, lair_entry_dummy, minmay_misc_feat_encased,
          kennysheep_generic_room_13
D:11:     layout_basic, orc_david_3, serial_ice, serial_ice_a, serial_ice_h,
          serial_ice_f, serial_ice_d, portal_ice_cave_entry_animals_and_master
Temple:   nicolae_temple_slightly_damp_pantheon
Lair:1:   layout_loops_ring, dreamdust_gnoll_shepherd,
          infiniplex_staircase_pool_2, grunt_megastairs_4
Lair:2:   layout_regular_city, minmay_shoals_entry_hut,
          lightli_volcano_entry_magma_tube, beast_lair_carwin_8,
          grunt_megastairs_3
Orc:1:    layout_caves, lightli_orcish_oven, uniq_fannar

Skill      XL: |  1  2  3  4  5  6  7  8  9 10 11 12 13 |
---------------+----------------------------------------+-----
Invocations    | 1 2 3 4 5 6 7 8 9 |  9.7
Short Blades   | 1 2 3 5 6 7 8 |  8.9
Long Blades    | 1 2 3 5 6 7 8 |  8.9
Axes           | 1 2 3 5 6 7 8 |  8.9
Maces & Flails | 1 2 3 5 6 7 8 |  8.9
Polearms       | 1 2 3 5 6 7 8 |  8.9
Staves         | 1 2 3 5 6 7 8 |  8.9
Throwing       | 1 2 3 5 6 7 8 |  8.9
Armour         | 1 2 3 5 6 7 8 |  8.9
Shields        | 1 2 3 5 6 7 8 |  8.9
Unarmed Combat | 1 2 3 5 6 7 8 |  8.9
Spellcasting   | 1 2 3 5 6 7 8 |  8.9
Evocations     | 1 2 3 5 6 7 8 |  8.9
Conjurations   | 1 2 3 4 5 6 7 |  7.4
Hexes          | 1 2 3 4 5 6 7 |  7.4
Summonings     | 1 2 3 4 5 6 7 |  7.4
Necromancy     | 1 2 3 4 5 6 7 |  7.4
Translocations | 1 2 3 4 5 6 7 |  7.4
Transmutations | 1 2 3 4 5 6 7 |  7.4
Fire Magic     | 1 2 3 4 5 6 7 |  7.4
Ice Magic      | 1 2 3 4 5 6 7 |  7.4
Air Magic      | 1 2 3 4 5 6 7 |  7.4
Earth Magic    | 1 2 3 4 5 6 7 |  7.4
Poison Magic   | 1 2 3 4 5 6 7 |  7.4
Stealth        | 3 4 5 6 7 8 9 |  9.3
Fighting       | 5 6 7 8 9 10 | 10.1
Dodging        | 5 6 7 8 9 10 | 10.1
Ranged Weapons | 9 10 11 12 | 12.2

Action                     |  1- 3 |  4- 6 |  7- 9 | 10-12 | 13-15 || total
---------------------------+-------+-------+-------+-------+-------++-------
  Melee: Whip              |       |    62 |       |       |       ||    62
         Bite              |       |     8 |       |       |       ||     8
         Punch             |       |     1 |       |       |       ||     1
   Fire: Shortbow          |    71 |    65 |       |       |       ||   136
         Triple crossbow   |       |     7 |   120 |   447 |   175 ||   749
 Invoke: Slouch            |       |       |       |     1 |     1 ||     2
    Use: Scroll            |       |    14 |     3 |    11 |     2 ||    30
         Potion            |       |       |       |     3 |     2 ||     5
 Armour: Leather armour    |     1 |     2 |       |       |       ||     3
         Ring mail         |       |    22 |     6 |       |       ||    28
         Chain mail        |       |       |    15 |    20 |       ||    35
         Scale mail        |       |       |       |   103 |    25 ||   128
  Dodge: Dodged            |     5 |    40 |    38 |   493 |   138 ||   714

Table legend: (Time is in decaauts)
 A = Elapsed time spent in this place.
 B = Non-inter-level travel time spent in this place.
 C = Inter-level travel time spent in this place.
 D = Time resting spent in this place.
 E = Time spent auto-exploring this place.
 F = Levels seen in this place.
 G = Mean time per level.
                   A        B        C        D        E       F      G
               +--------+--------+--------+--------+--------+-----+--------+
         Total |  21502 |  20302 |   1200 |   2799 |  14340 |  18 | 1194.6 |
       Dungeon |  13588 |  12508 |   1080 |   1311 |   9441 |  11 | 1235.3 |
        Temple |    233 |    209 |     24 |      0 |    178 |   1 |  233.0 |
          Lair |   3366 |   3323 |     43 |     99 |   2725 |   2 | 1683.0 |
  Orcish Mines |   1382 |   1331 |     51 |    408 |    735 |   1 | 1382.0 |
        Bailey |    484 |    484 |      0 |      0 |    312 |   1 |  484.0 |
      Ice Cave |   1819 |   1819 |      0 |    799 |    655 |   1 | 1819.0 |
       Volcano |    628 |    628 |      0 |    181 |    291 |   1 |  628.0 |
               +--------+--------+--------+--------+--------+-----+--------+

Top non-repeatable levels by time:
    D:11: 2366 daAuts
     D:8: 1994 daAuts
   IceCv: 1819 daAuts
  Lair:2: 1796 daAuts
    D:10: 1580 daAuts
  Lair:1: 1569 daAuts
     D:7: 1383 daAuts
   Orc:1: 1382 daAuts
     D:6: 1306 daAuts
     D:5: 990 daAuts
     D:4: 967 daAuts
     D:3: 904 daAuts
     D:9: 785 daAuts
     D:1: 686 daAuts
 Volcano: 628 daAuts
